 Dungeon Crawl Stone Soup version 0.23.2-33-g5129a83184 (webtiles) character file.

Game seed: 3941379411007735640

158 mikogus the Ducker (level 5, -4/41 HPs)
             Began as a Merfolk Skald on July 15, 2019.
             Was an Initiate of Okawaru.
             Killed from afar by an orc wizard (8 damage)
             ... with a puff of frost
             ... on level 2 of the Dungeon.
             The game lasted 00:20:09 (2629 turns).

mikogus the Ducker (Merfolk Skald)                  Turns: 2629, Time: 00:20:09

Health: -4/41      AC:  3    Str: 12    XL:     5   Next: 40%
Magic:  2/9        EV: 16    Int: 13    God:    Okawaru [......]
Gold:   139        SH:  0    Dex: 18    Spells: 6/9 levels left

rFire    . . .     SeeInvis .   n - +3 short sword
rCold    . . .     Gourm    .   (no shield)
rNeg     . . .     Faith    .   b - +0 leather armour
rPois    .         Spirit   .   (no helmet)
rElec    .         Reflect  .   (no cloak)
rCorr    .         Harm     .   (no gloves)
MR       .....                  (no boots)
Stlth    ++........             (no amulet)
HPRegen  0.13/turn              (no ring)
MPRegen  0.11/turn              (no ring)

@: agile, very slightly contaminated, very heavily drained
A: change form in water, swift swim, stealthy swim
a: Renounce Religion


You were on level 2 of the Dungeon.
You worshipped Okawaru.
Okawaru was noncommittal.
You were not hungry.

You visited 1 branch of the dungeon, and saw 3 of its levels.

You collected 139 gold pieces.

Inventory:

Hand Weapons
 a - a +0 spear
 n - a +3 short sword (weapon)
 q - a +0 dagger of draining
Missiles
 j - 28 bolts
Armour
 b - a +0 leather armour (worn)
 c - a +0 pair of gloves
Jewellery
 h - an uncursed amulet of the gourmand {unknown}
 m - a cursed -2 ring of strength
 r - an uncursed ring of wizardry {unknown}
Scrolls
 e - a scroll of magic mapping {unknown}
 g - a scroll of immolation
 i - a scroll of enchant weapon {unknown}
 p - a scroll of fear {unknown}
 u - a scroll of fog {unknown}
Potions
 f - 2 potions of flight
 k - a potion of ambrosia {unknown}
 o - 2 potions of mutation {unknown}
 t - a potion of curing {unknown}
Comestibles
 d - 4 rations


   Skills:
 + Level 3.0(0.0) Fighting
 + Level 2.0(0.0) Short Blades
 + Level 3.6(0.4) Polearms
 + Level 1.1(0.0) Armour
 + Level 4.0(0.8) Dodging
 + Level 0.4(0.0) Stealth
 + Level 2.6(0.0) Spellcasting
 + Level 4.0(0.8) Charms


You had 6 spell levels left.
You knew the following spells:

 Your Spells              Type           Power        Failure   Level  Hunger
a - Infusion              Chrm           #...         28%         1    ##.....
b - Shroud of Golubria    Chrm/Tloc      #.........   45%         2    ###....

Your spell library contained the following spells:

 Spells                   Type           Power        Failure   Level  Hunger
 Song of Slaying          Chrm           #.......     41%         2    ###....
 Regeneration             Chrm/Necr      #.........   71%         3    ####...
 Spectral Weapon          Hex/Chrm       #.......     71%         3    ####...


Dungeon Overview and Level Annotations

Branches:
Dungeon (3/15)

Altars:
Fedhas
Gozag
Okawaru
Qazlal
Trog
Xom

Annotations:
D:2 Sigmund
D:3 Terence


Message History

Casting: Shroud of Golubria (safe; 45% risk of failure)
Confirm with . or Enter, or press ? or * to list all spells.
Okay, then.
Your shroud begins to fray at the edges.
The orc wizard gestures at you while chanting.
The puff of flame hits you.
* * * LOW HITPOINT WARNING * * *
You climb upwards.
Level annotation: Sigmund
There is a stone staircase leading down, spattered with blood here.
Casting: Shroud of Golubria (safe; 45% risk of failure)
Confirm with . or Enter, or press ? or * to list all spells.
Okay, then.
You feel agile all of a sudden.
The orc wizard looks satisfied for a moment.
Found a ration.
Your shroud unravels.
The orc wizard casts a spell at you. The puff of frost hits you!
You die...

# #### # .. ..# #%###.# #.#
########...#### ##.######
#####..........@..# #........
#...........#####o# #..#####.
#.##......#.# #.# #..# #.
#.##...####.#####>#### #.## #.
#.###.# #.##...[...# #.# #.
##.###.# #.##..#.##.# #.# #.
#...##.## #.##.#..##.###.######.
........####.#............#......
#...##.....[.....#..#.....#.#####


You could see an orc wizard.

Vanquished Creatures
  A bullfrog skeleton (D:3)
  An orc wizard (D:2)
  2 adders (D:2)
  2 worms (D:2)
  2 dart slugs
  3 leopard geckos
  5 orcs
  9 bats
  4 giant cockroaches
  5 goblins
  6 hobgoblins
  2 jackals (D:1)
  11 kobolds
  A ball python (D:2)
  A ball python skeleton (D:3)
  5 frilled lizards
  5 rats
65 creatures vanquished.

Notes
Turn   | Place    | Note
-------+----------+-------------------------------------------
     0 | D:1      | mikogus the Merfolk Skald began the quest for the Orb.
     0 | D:1      | Reached XP level 1. HP: 16/16 MP: 3/3
   166 | D:1      | Reached XP level 2. HP: 14/22 MP: 0/5
   737 | D:1      | Reached XP level 3. HP: 25/28 MP: 6/6
  1030 | D:1      | Learned a level 2 spell: Shroud of Golubria
  1328 | D:2      | Found an opulent altar of Gozag.
  1328 | D:2      | Found a stormy altar of Qazlal.
  1328 | D:2      | Found an iron altar of Okawaru.
  1329 | D:2      | Found a bloodstained altar of Trog.
  1329 | D:2      | Found a shimmering altar of Xom.
  1329 | D:2      | Found a blossoming altar of Fedhas.
  1371 | D:2      | Became a worshipper of Warmaster Okawaru
  1374 | D:2      | Reached XP level 4. HP: 30/34 MP: 4/7
  1457 | D:2      | Reached skill level 1 in Short Blades
  1606 | D:2      | Noticed Sigmund
  1629 | D:3      | Reached skill level 1 in Armour
  1785 | D:2      | Reached XP level 5. HP: 20/41 MP: 4/8
  2520 | D:3      | Noticed Terence
  2629 | D:2      | Killed from afar by an orc wizard

Skill      XL: |  1  2  3  4  5 |
---------------+----------------+-----
Dodging        | 3 4 |  4.0
Short Blades   | 1 2 |  2.0
Armour         | 1 |  1.1
Fighting       | 3 |  3.0
Charms         | 4 |  4.0
Polearms       | |  3.6
Stealth        | |  0.4
Spellcasting   | |  2.6

Action                   |  1- 3 |  4- 6 || total
-------------------------+-------+-------++-------
Melee: Spear             |    75 |       ||    75
       Short sword       |    52 |   102 ||   154
 Cast: Infusion          |     6 |     4 ||    10
       Shroud of Golubri |       |     4 ||     4
  Use: Scroll            |     3 |     6 ||     9
       Potion            |       |     1 ||     1
  Eat: Chunk             |     2 |     1 ||     3
       Ration            |       |     1 ||     1
Armor: Leather armour    |    31 |    35 ||    66
Dodge: Dodged            |    79 |   103 ||   182
